 Dungeon Crawl Stone Soup version 0.28.0 (webtiles) character file.

Game seed: 15973933727427505834

18228 Colgate the Destroyer (level 12, -5/95 (97) HPs)
             Began as a Naga Ice Elementalist on Feb 5, 2022.
             Was an Elder of Makhleb.
             Slain by a seven-headed hydra (9 damage)
             ... on level 12 of the Dungeon.
             The game lasted 02:09:01 (16415 turns).

Colgate the Destroyer (Naga Ice Elementalist)      Turns: 16415, Time: 02:09:02

HP:   -5/95 (97)    AC: 17    Str: 12    XL:     12   Next: 56%
MP:   21/30         EV:  9    Int: 24    God:    Makhleb [****..]
Gold: 107           SH:  0    Dex:  8    Spells: 9/23 levels left

rFire   . . .      SeeInvis +   s - +2 scimitar (flame)
rCold   + . .      Faith    .   g - orb {*channel}
rNeg    . . .      Spirit   .   t - +3 leather armour
rPois   +          Reflect  .   b - +2 helmet {Int+3}
rElec   .          Harm     +   e - scarf {shadows}
rCorr   .          Rampage  .   u - +0 pair of gloves "Sasarr" {Harm *Slow +Blink Dex-4}
Will    ++...                   (no barding)
Stlth   ++........              a - amulet of regeneration
HPRegen 1.05/turn               r - ring of magical power
MPRegen 0.22/turn               K - ring "Zaduos" {rC+ Will+ AC+4 Str+2 Slay+2}

@: on blink cooldown, studying Crossbows, lightly drained, very slow
A: AC +4, large, see invisible, deformed body, poison resistance, slowness 2,
spit poison 1, naga tail 1
a: Spit Poison, Renounce Religion, Evoke Blink, Minor Destruction, Lesser
Servant of Makhleb, Major Destruction


You were on level 12 of the Dungeon.
You worshipped Makhleb.
Makhleb was greatly pleased with you.
You visited 1 branch of the dungeon, and saw 12 of its levels.
You also visited: Bailey.

You collected 993 gold pieces.
You spent 886 gold pieces at shops.

Inventory:

Hand Weapons
 f - the +7 Singing Sword {vorpal, sonic wave}
   (You found it on level 9 of the Dungeon)

   It inflicts extra damage upon your enemies.
   It radiates damaging sonic waves as it strikes, especially in combat
   involving dangerous or numerous foes.
 s - a +2 scimitar of flaming (weapon)
Missiles
 d - 3 boomerangs
 h - 431 stones
 q - a throwing net
 x - a curare-tipped dart
 y - 8 silver javelins
 E - 7 poisoned darts
 G - 6 javelins
Armour
 b - a +2 helmet of intelligence (worn)
 e - a scarf of shadows (worn)
 g - an orb of energy (worn)
 o - a scarf of repulsion
 t - a +3 leather armour (worn)
 u - the +0 pair of gloves "Sasarr" (worn) {Harm *Slow +Blink Dex-4}
   (You found it on level 6 of the Dungeon)

   Dex:       It affects your dexterity (-4).
   +Blink:    It lets you blink.
   *Slow:     It may slow you when you take damage.
   Harm:      It increases damage dealt and taken.
 D - +2 swamp dragon scales
 I - +0 acid dragon scales
 L - a +0 robe
Jewellery
 a - an amulet of regeneration (around neck)
 j - a +6 ring of strength
 p - a ring of wizardry
 r - a ring of magical power (left hand)
 K - the ring "Zaduos" (right hand) {rC+ Will+ AC+4 Str+2 Slay+2}
   (You bought it in a shop on level 4 of the Dungeon)

   [ring of protection]

   AC:        It affects your AC (+4).
   Str:       It affects your strength (+2).
   Slay:      It affects your accuracy & damage with ranged weapons and melee
   (+2).
   rC:        It protects you from cold.
   Will:      It increases your willpower.
Wands
 i - a wand of iceblast (14)
 B - a wand of flame (29)
 F - a wand of charming (6)
 Q - a wand of acid (4)
Scrolls
 k - 8 scrolls of teleportation
 l - a scroll of fog
 w - 2 scrolls of amnesia
 C - a scroll of enchant armour
 H - a scroll of noise {unknown}
 M - 2 scrolls of enchant weapon {unknown}
 N - a scroll of blinking {unknown}
Potions
 c - a potion of flight
 m - a potion of heal wounds
 n - 2 potions of mutation
 v - 5 potions of curing
 z - 2 potions of resistance
 A - a potion of attraction
 J - a potion of lignification {unknown}
 O - 2 potions of brilliance
 P - a potion of berserk rage {unknown}


   Skills:
 - Level 3.1 Fighting
 + Level 7.4 Long Blades
 - Level 4.0 Throwing
 - Level 4.0 Armour
 - Level 2.0 Dodging
 - Level 3.0 Stealth
 - Level 6.1 Spellcasting
 - Level 12.2 Conjurations
 - Level 7.2 Ice Magic
 - Level 7.2 Earth Magic
 - Level 5.0 Invocations


You had 9 spell levels left.
You knew the following spells:

 Your Spells              Type           Power      Damage    Failure   Level
a - Freeze                Ice            100%       1d11      1%          1
b - Frozen Ramparts       Ice            84%        1d10      1%          3
c - Ozocubu's Armour      Ice            42%        N/A       1%          3
d - Hailstorm             Conj/Ice       52%        3d12      1%          4
e - Stone Arrow           Conj/Erth      100%       3d13      1%          3

Your spell library contained the following spells:

 Spells                   Type           Power      Damage    Failure   Level
 Animate Skeleton         Necr           14%        N/A       10%         1
 Apportation              Tloc           14%        N/A       10%         1
 Sting                    Tmut/Pois      28%        1d4       10%         1
 Summon Small Mammal      Summ           28%        N/A       10%         1
 Corpse Rot               Necr/Air       14%        N/A       16%         2
 Poisonous Vapours        Pois/Air       14%        N/A       16%         2
 Animate Armour           Summ/Erth      48%        N/A       22%         4
 Confusing Touch          Hex            7%         N/A       30%         3
 Portal Projectile        Hex/Tloc       14%        N/A       30%         3
 Tukima's Dance           Hex            7%         N/A       30%         3
 Anguish                  Hex/Necr       3%         N/A       69%         4
 Dispel Undead            Necr           7%         3d8       69%         4
 Olgreb's Toxic Radiance  Pois           7%         N/A       69%         4
 Blade Hands              Tmut           3%         N/A       95%         5
 Excruciating Wounds      Necr           3%         N/A       95%         5
 Yara's Violent Unravell  Hex/Tmut       3%         3d4       95%         5
 Death Channel            Necr           3%         N/A       100%        6
 Enfeeble                 Hex            3%         N/A       100%        7
 Lehudib's Crystal Spear  Conj/Erth      26%        10d7      100%        8


Dungeon Overview and Level Annotations

Branches:
Dungeon (12/15)            Temple (0/1) D:7            Lair (0/6) D:10
    Orc (0/2) D:11         Bailey (visited)

Altars:
Makhleb
Xom
Beogh

Shops:
D:2 (   D:4 =

Annotations:
D:6 1 runed translucent door, hitsuchi's ghost, novice DjFE
D:8 1 runed translucent door, vilexy's ghost, novice DrCj
D:12 Nergalle


Innate Abilities, Weirdness & Mutations

Your serpentine skin is tough. (AC +4)
You have supernaturally acute eyesight. (SInv)
Armour fits poorly on your strangely shaped body.
Your system is resistant to poisons. (rPois)
You cover ground very slowly.
You can spit poison.
You have a snake-like lower body.


Message History

The seven-headed hydra bites you but does no damage.
The seven-headed hydra closely misses you.
The seven-headed hydra bites you.
* * * LOW HITPOINT WARNING * * *
The seven-headed hydra bites you but does no damage.
You blink.
You are still too unstable to blink.
Okay, then.
Unknown command.
You feel much better.
The seven-headed hydra bites you but does no damage.
The seven-headed hydra bites you. The seven-headed hydra bites you!
* * * LOW HITPOINT WARNING * * *
The seven-headed hydra closely misses you.
The seven-headed hydra bites you!
* * * LOW HITPOINT WARNING * * *
The seven-headed hydra bites you but does no damage. x2
You feel much better. Nergalle completely misses you.
The seven-headed hydra bites you.
The seven-headed hydra bites you but does no damage. x2
The seven-headed hydra bites you.
The seven-headed hydra bites you but does no damage.
The seven-headed hydra barely misses you.
The seven-headed hydra closely misses you.
Okay, then.
Unknown command.
A demon appears!
Nergalle gestures at you while chanting.
The bolt of negative energy hits you.
You feel drained. The seven-headed hydra bites you! x2
* * * LOW HITPOINT WARNING * * *
The seven-headed hydra barely misses you.
The seven-headed hydra bites you but does no damage. x2
The seven-headed hydra bites you.
* * * LOW HITPOINT WARNING * * *
The seven-headed hydra bites you!
* * * LOW HITPOINT WARNING * * *
The seven-headed hydra bites you but does no damage.
The seven-headed hydra bites you!
You die...

#....# #.....
#....# #....#
#....# #....#
#....# #....#
+....# #....#
#....####...4#
#........|..o#
###'#......D@#
#..<#........#
#...#........#
#####........#
.....:##...
.......#...#
... ...


You could see a seven-headed hydra, Nergalle (ally target) and a friendly
hellwing (summoned).

Vanquished Creatures
  Erica (D:10)
  A two-headed ogre (D:8)
  Urug (D:11)
  Sonja (D:10)
  4 skeletal warriors (D:11)
  An orc knight (Bailey)
  3 cyclopes (D:11)
  A deep elf pyromancer (D:9)
  Joseph (D:7)
  Maurice (D:8)
  Maggie (D:8)
  A gargoyle (D:11)
  2 kobold demonologists
  2 trolls (D:10)
  Grinder (D:6)
  A centaur simulacrum (D:11)
  A meliai zombie (D:11)
  A shadow (D:11)
  A wyvern (D:8)
  A wraith (D:11)
  10 yaks
  A steam dragon (D:9)
  2 vampire mosquitoes (D:11)
  Edmund (D:6)
  An acid dragon (D:10)
  A water moccasin (D:8)
  13 orc warriors
  A swamp drake (D:11)
  A sky beast (D:5)
  2 black bears
  An ice beast (D:7)
  An ogre (D:4)
  2 centaurs (D:5)
  2 kobold brigands
  2 bullfrogs (D:8)
  3 scorpions
  11 killer bees
  A howler monkey (D:11)
  5 centaur zombies
  5 hounds
  8 orc priests
  A centaur skeleton (D:7)
  An iguana (D:6)
  13 orc wizards
  2 killer bee zombies
  2 howler monkey zombies
  9 adders
  A shadow imp (D:6)
  2 white imps (D:6)
  An ufetubus (D:5)
  An adder skeleton (D:4)
  An adder zombie (D:5)
  3 dart slugs
  54 orcs
  6 endoplasms
  2 giant cockroaches
  13 goblins
  6 hobgoblins
  8 jackals
  A quokka (D:3)
  5 ball pythons
  10 bats
  5 frilled lizards
  10 kobolds
  4 rats
262 creatures vanquished.

Vanquished Creatures (collateral kills)
  A tengu warrior (D:10)
  4 yaks (D:8)
  2 bullfrogs (D:8)
  A goblin (D:10)
8 creatures vanquished.

Vanquished Creatures (others)
  A fungus (D:9)
  2 withered plants (D:6)
3 creatures vanquished.

Grand Total: 273 creatures vanquished

Notes
Turn   | Place    | Note
-------+----------+-------------------------------------------
     0 | D:1      | Colgate the Naga Ice Elementalist began the quest for the
                  | Orb.
     0 | D:1      | Reached XP level 1. HP: 15/15 MP: 3/3
   309 | D:1      | Found a faded altar of an unknown god.
   314 | D:1      | Reached XP level 2. HP: 15/22 MP: 5/5
   321 | D:1      | Prayed at the altar of an unknown god.
   321 | D:1      | Became a worshipper of Makhleb the Destroyer
   321 | D:1      | Reached * piety under Makhleb
   831 | D:1      | Reached XP level 3. HP: 28/28 MP: 3/6
   835 | D:1      | Learned a level 3 spell: Frozen Ramparts
  1279 | D:1      | Found a burning altar of Makhleb.
  1726 | D:2      | Reached skill level 5 in Ice Magic
  1925 | D:2      | Found Vuupy's Antique Weapon Shoppe.
  2492 | D:3      | Reached XP level 4. HP: 36/36 MP: 7/7
  2634 | D:3      | Reached ** piety under Makhleb
  3367 | D:4      | Found Ifod's Jewellery Shop.
  3494 | D:4      | Noticed an ogre
  3541 | D:4      | Killed an ogre
  3542 | D:4      | Reached XP level 5. HP: 17/42 MP: 1/8
  3841 | D:4      | Learned a level 3 spell: Ozocubu's Armour
  4030 | D:4      | Reached skill level 1 in Conjurations
  4175 | D:4      | Reached XP level 6. HP: 47/49 MP: 2/9
  4419 | D:5      | Entered Level 5 of the Dungeon
  4496 | D:5      | Noticed a black bear
  4506 | D:5      | Killed a black bear
  4625 | D:5      | Noticed a sky beast
  4639 | D:5      | Killed a sky beast
  4640 | D:5      | Reached skill level 3 in Conjurations
  4640 | D:5      | Reached XP level 7. HP: 35/55 MP: 12/12
  4648 | D:5      | Learned a level 4 spell: Hailstorm
  4977 | D:5      | Reached skill level 4 in Conjurations
  5451 | D:5      | Reached skill level 5 in Conjurations
  5887 | D:6      | Reached XP level 8. HP: 62/62 MP: 13/13
  5891 | D:6      | Learned a level 3 spell: Stone Arrow
  5973 | D:6      | Reached *** piety under Makhleb
  6059 | D:6      | Found a runed translucent door.
  6061 | D:6      | Noticed hitsuchi's ghost (novice DjFE)
  6081 | D:6      | Reached skill level 1 in Earth Magic
  6109 | D:6      | Noticed Grinder
  6291 | D:6      | Identified the +0 pair of gloves "Sasarr" {Harm *Slow
                  | +Blink Dex-4}
  6496 | D:6      | Noticed Edmund
  6502 | D:6      | Killed Edmund
  7089 | D:6      | Reached skill level 6 in Conjurations
  7309 | D:7      | Noticed Joseph
  7325 | D:7      | Found a staircase to the Ecumenical Temple.
  7845 | D:7      | Found a shimmering altar of Xom.
  7878 | D:8      | Noticed a yak
  7879 | D:8      | Noticed a wyvern
  7974 | D:8      | Noticed a yak
  7974 | D:8      | Noticed a yak
  7975 | D:8      | Noticed a yak
  7976 | D:8      | Noticed a yak
  7976 | D:8      | Killed a yak
  7977 | D:8      | Reached skill level 7 in Conjurations
  7977 | D:8      | Noticed a yak
  7982 | D:8      | Killed a yak
  7983 | D:8      | Reached XP level 9. HP: 24/68 MP: 2/15
  7989 | D:8      | Reached skill level 8 in Conjurations
  7999 | D:8      | Reached skill level 9 in Conjurations
  8207 | D:6      | Killed Grinder
  8208 | D:6      | Reached skill level 5 in Earth Magic
  8326 | D:7      | Killed Joseph
  8668 | D:7      | Found a staircase to the Ecumenical Temple.
  8846 | D:8      | Reached skill level 1 in Fighting
  8994 | D:8      | Noticed Maurice
  8994 | D:8      | Noticed Maggie
  9017 | D:8      | Noticed a two-headed ogre
  9022 | D:8      | Killed a two-headed ogre
  9023 | D:8      | Reached skill level 10 in Conjurations
  9023 | D:8      | Reached XP level 10. HP: 46/78 MP: 4/16
  9025 | D:8      | Killed Maurice
  9026 | D:8      | Reached skill level 5 in Spellcasting
  9035 | D:8      | Killed Maggie
  9366 | D:8      | Reached skill level 1 in Throwing
  9613 | D:8      | Found a runed translucent door.
  9614 | D:8      | Found a shimmering altar of Xom.
  9614 | D:8      | Noticed vilexy's ghost (novice DrCj)
  9614 | D:8      | Noticed a +2 trident of chaos
  9821 | D:9      | Noticed a deep elf pyromancer
  9840 | D:9      | Killed a deep elf pyromancer
 10280 | D:9      | Reached skill level 1 in Armour
 10556 | D:9      | Found the +7 Singing Sword {vorpal, sonic wave}
 10826 | D:9      | Reached **** piety under Makhleb
 11025 | D:9      | Noticed a kobold demonologist
 11032 | D:9      | Killed a kobold demonologist
 11033 | D:9      | Reached XP level 11. HP: 80/84 MP: 18/18
 11742 | D:10     | Entered Level 10 of the Dungeon
 11826 | D:10     | Noticed a tengu warrior
 11950 | D:10     | Killed a tengu warrior
 11953 | D:10     | Found a flagged portal.
 12001 | Bailey   | Entered a bailey
 12021 | Bailey   | Reached skill level 5 in Invocations
 12547 | Bailey   | Noticed an orc knight
 12561 | Bailey   | Killed an orc knight
 12562 | Bailey   | Reached skill level 5 in Long Blades
 13278 | D:10     | Found a staircase to the Lair.
 13311 | D:10     | Noticed Erica
 13315 | D:10     | Killed Erica
 13327 | D:10     | Noticed Sonja
 13647 | D:10     | Killed Sonja
 14113 | D:11     | Noticed Urug
 14382 | D:4      | Bought the ring "Zaduos" {rC+ Will+ AC+4 Str+2 Slay+2} for
                  | 886 gold pieces
 14750 | D:11     | Killed Urug
 14751 | D:11     | Reached skill level 11 in Conjurations
 14871 | D:11     | Noticed a cyclops
 14888 | D:11     | Killed a cyclops
 15029 | D:11     | Found a staircase to the Orcish Mines.
 15287 | D:11     | Noticed a skeletal warrior
 15288 | D:11     | Noticed a skeletal warrior
 15293 | D:11     | Killed a skeletal warrior
 15294 | D:11     | Reached XP level 12. HP: 97/97 MP: 14/19
 15300 | D:11     | Reached skill level 12 in Conjurations
 16402 | D:12     | Noticed an eight-headed hydra
 16407 | D:12     | Noticed Nergalle
 16414 | D:12     | HP: 2/95 [seven-headed hydra (10)]
 16415 | D:12     | Slain by a seven-headed hydra

Illustrated notes

Levels and vault maps discovered:
D:1:      dpeg_arrival_arbitrary_c, layout_basic,
          hellmonk_ecumenical_altar_lost_god
D:2:      layout_basic, serial_shops, shop
D:3:      minmay_general_purpose_star, layout_loops_ring, minmay_unequal
D:4:      layout_loops_ring, serial_shops,
          nicolae_shop_competitors_out_of_business
D:5:      layout_gridville, minmay_manual_mail
D:6:      layout_basic, gammafunk_ghost_grave, kennysheep_generic_room_4,
          uniq_edmund, uniq_grinder
D:7:      layout_basic, general_overflow_altar, minmay_temple_entry_ruins,
          uniq_joseph
D:8:      layout_rooms, ebering_ghost_xom, uniq_maurice, uniq_maggie
D:9:      old_forge, layout_basic, special_room [special_room_orc],
          minmay_misc_feat_secret_circle, minivault_26,
          hangedman_abyss_or_decor_stagger
D:10:     layout_loops_ring, lair_entry_dummy, enter_bailey_3, uniq_erica,
          uniq_sonja
D:11:     minmay_bubble_buster, layout_small_grid, erik_orc_1, uniq_urug
D:12:     layout_gridville, uniq_nergalle

Skill      XL: |  1  2  3  4  5  6  7  8  9 10 11 12 |
---------------+-------------------------------------+-----
Ice Magic      | 5 6 7 |  7.2
Conjurations   | 1 3 5 7 10 11 12 | 12.2
Spellcasting   | 3 4 5 6 |  6.1
Invocations    | 2 4 5 |  5.0
Earth Magic    | 3 5 6 7 |  7.2
Fighting       | 1 3 |  3.1
Throwing       | 4 |  4.0
Armour         | 4 |  4.0
Long Blades    | 3 6 7 |  7.4
Dodging        | 2 |  2.0
Stealth        | |  3.0

Action                   |  1- 3 |  4- 6 |  7- 9 | 10-12 || total
-------------------------+-------+-------+-------+-------++-------
Melee: Rapier            |    10 |     6 |    22 |     5 ||    43
       Double sword      |       |       |       |    58 ||    58
       Scimitar          |       |       |       |     4 ||     4
Throw: Stone             |     4 |     3 |     1 |       ||     8
       Boomerang         |       |       |     4 |     5 ||     9
       Dart              |       |       |     1 |    27 ||    28
 Cast: Freeze            |     8 |     9 |     4 |    11 ||    32
       Frozen Ramparts   |     4 |    11 |     8 |    17 ||    40
       Ozocubu's Armour  |       |     5 |    10 |    17 ||    32
       Hailstorm         |       |       |    22 |    41 ||    63
       Stone Arrow       |       |       |    37 |    89 ||   126
Invok: Minor Destruction |       |     6 |    19 |    22 ||    47
       Lesser Servant of |       |       |     3 |     7 ||    10
 Abil: Spit Poison       |    42 |    27 |    24 |    56 ||   149
       Evoke Blink       |       |       |       |     3 ||     3
  Use: Scroll            |       |     8 |     5 |     4 ||    17
       Potion            |       |     4 |     2 |     2 ||     8
 Stab: Sleeping          |     2 |     1 |       |       ||     3
Armor: Ring mail         |     5 |       |       |       ||     5
       Robe              |     1 |    15 |    32 |       ||    48
       Swamp dragon scal |       |       |       |    47 ||    47
       Leather armour    |       |       |       |    47 ||    47
Dodge: Dodged            |     6 |    19 |    35 |    72 ||   132
